 Dungeon Crawl Stone Soup version 0.20-a0-710-g71b569a (webtiles) character file.

46 polly the Slasher (level 3, 0/28 HPs)
             Began as a Demonspawn Gladiator on Feb 22, 2017.
             Slain by a bat (1 damage)
             ... on level 2 of the Dungeon.
             The game lasted 00:01:17 (735 turns).

polly the Slasher (Demonspawn Gladiator)             Turns: 735, Time: 00:01:17

Health: 0/28       AC:  6    Str: 15    XL:     3   Next: 46%
Magic:  3/3        EV: 10    Int: 12    God:
Gold:   86         SH:  0    Dex: 14    Spells: 2/2 levels left

rFire    + . .     SeeInvis .   a - +0 long sword
rCold    + . .     Gourm    .   j - +0 scale mail {MR+}
rNeg     . . .     Faith    .   (no shield)
rPois    .         Spirit   .   (helmet restricted)
rElec    .         Reflect  .   (no cloak)
rCorr    .         Harm     .   (no gloves)
MR       +....                  (no boots)
Stlth    ..........             (no amulet)
Regen    0.1/turn               i - ring of protection from cold
MPRegen  0.1/turn               h - ring of protection from fire

@: brilliant
A: horns 1, dopey 1, sense surroundings 1
a: no special abilities


You were on level 2 of the Dungeon.
You were not hungry.

You visited 1 branch of the dungeon, and saw 2 of its levels.

You collected 86 gold pieces.

Inventory:

Hand Weapons
 a - a +0 long sword (weapon)
Missiles
 d - 3 throwing nets (quivered)
Armour
 j - a +0 scale mail of magic resistance (worn)
Jewellery
 h - a ring of protection from fire (left hand)
 i - a ring of protection from cold (right hand)
Scrolls
 b - 3 scrolls of identify {unknown}
 e - a scroll of magic mapping {unknown}
 g - a scroll of teleportation {unknown}
 m - a scroll of blinking {unknown}
 n - a scroll of remove curse {unknown}
Comestibles
 c - 2 fruits
 f - 2 bread rations


   Skills:
 + Level 2.4 Fighting
 + Level 3.4 Long Blades
 + Level 2.0 Throwing
 + Level 0.1 Armour
 + Level 3.0 Dodging


You had 2 spell levels left.
You didn't know any spells.

Dungeon Overview and Level Annotations

Branches:
Dungeon (2/15)

Altars:
Nemelex Xobeh


Innate Abilities, Weirdness & Mutations

You have a pair of small horns on your head.
You are dopey. (Int -2)
You passively map a small area around you.


Message History

You see here an adder corpse.
Found a scroll labeled VINKULEN XIF.
* * * LOW HITPOINT WARNING * * *
You feel sick.
* * * LOW HITPOINT WARNING * * *
You feel sick.
* * * LOW HITPOINT WARNING * * *
You feel sick.
* * * LOW HITPOINT WARNING * * *
You feel sick.
* * * LOW HITPOINT WARNING * * *
You feel sick.
* * * LOW HITPOINT WARNING * * *
You feel sick.
* * * LOW HITPOINT WARNING * * *
You feel sick.
You are no longer poisoned.
A bat comes into view.
The bat hits you.
You die...

########## ############
* #...##...##
#..........#
..........###...........
................@......#
**
........$..##....b.....#
...........#######..####
..........## **## ...# *
#..?##.†..# ,.. #.#
######....# ..#* ** .# ,
####.##.#* # #....#####
* * ##...##...## , ,


You could see a bat.

Vanquished Creatures
  2 adders (D:2)
  2 leopard geckos
  4 bats (D:1)
  2 giant cockroaches (D:1)
  2 goblins (D:1)
  4 hobgoblins
  5 kobolds
  3 frilled lizards
  4 rats (D:1)
28 creatures vanquished.

Notes
Turn   | Place    | Note
-------+----------+-------------------------------------------
     0 | D:1      | polly the Demonspawn Gladiator began the quest for the Orb.
     0 | D:1      | Reached XP level 1. HP: 16/16 MP: 1/1
   143 | D:1      | Gained mutation: You have a pair of small horns on your head. [demonic ancestry]
   143 | D:1      | Reached XP level 2. HP: 14/22 MP: 2/2
   435 | D:1      | Found a sparkling altar of Nemelex Xobeh.
   700 | D:2      | Reached XP level 3. HP: 18/28 MP: 3/3
   709 | D:2      | Gained mutation: You are dopey. (Int -2) [potion of mutation]
   709 | D:2      | Gained mutation: You passively map a small area around you. [potion of mutation]
   728 | D:2      | HP: 1/28 [poisoned by an adder]
   735 | D:2      | Slain by a bat

Vault maps used:
D:1:      minmay_arrival_wavy_path, nemelex_xobeh_ov_fountains_minmay
D:2:      kennysheep_six_static_rooms, nicolae_ru_awakened_eye, first_bread

Skill      XL: |  1  2 |
---------------+-------+-----
Throwing       | 2 |  2.0
Long Blades    | 3 |  3.4
Dodging        | 3 |  3.0
Fighting       | |  2.4
Armour         | |  0.1

Action                   || total
-------------------------++-------
Melee: Long sword        ||    61
       Headbutt          ||     7
  Use: Potion            ||     2
Armor: Leather armour    ||     6
       Scale mail        ||    26
Dodge: Dodged            ||    50
       Rpst.: Long sword ||    12
